 Dungeon Crawl Stone Soup version 0.28-a0-628-g3c9886e45e (webtiles) character file.

Game seed: 13318728032663418732

126 Gwenloh the Magician (level 5, -2/40 HPs)
             Began as a Djinni Venom Mage on Oct 8, 2021.
             Slain by a scorpion (5 damage)
             ... on level 4 of the Dungeon.
             The game lasted 00:09:35 (4409 turns).

Gwenloh the Magician (Djinni Venom Mage)            Turns: 4409, Time: 00:09:35

Health: -2/40      AC:  4    Str:  7    XL:     5   Next: 32%
Gold:   96         EV: 13    Int: 18    God:
                   SH:  0    Dex: 13

rFire   + + .      SeeInvis .   p - +0 long sword
rCold   x . .      Faith    .   (no shield)
rNeg    . . .      Spirit   .   a - +0 robe
rPois   ∞          Reflect  .   b - +0 helmet
rElec   .          Harm     .   (no cloak)
rCorr   .          Rampage  .   c - +0 pair of gloves
Will    .....                   (boots unavailable)
Stlth   ++........              (no amulet)
HPRegen 0.13/turn               (no ring)
MPRegen 0.00/turn               (no ring)

@: flying
A: sickness immunity, fire resistance 2, cold vulnerability 1, float, innate
caster, hp casting, extra vitality 1
a: no special abilities


You were on level 4 of the Dungeon.
You visited 1 branch of the dungeon, and saw 4 of its levels.

You collected 96 gold pieces.

Inventory:

Hand Weapons
 d - a +0 dagger
 p - a +0 long sword (weapon)
Armour
 a - a +0 robe (worn)
 b - a +0 helmet (worn)
 c - a +0 pair of gloves (worn)
Jewellery
 o - an amulet of the acrobat
Wands
 h - a wand of iceblast (5)
Scrolls
 g - 3 scrolls of identify
 i - 2 scrolls of amnesia
 j - a scroll of immolation {unknown}
 k - a scroll of acquirement {unknown}
 m - a scroll of noise {unknown}
 q - a scroll of vulnerability {unknown}
 r - a scroll of fear {unknown}
Potions
 e - a potion of berserk rage {unknown}
 f - 2 potions of flight {unknown}
 l - 2 potions of curing {unknown}
 n - 2 potions of attraction {unknown}


   Skills:
 * Level 2.8 Fighting
 + Level 3.1 Dodging
 - Level 1.5 Stealth
 * Level 3.3 Spellcasting


You couldn't memorise any spells.
You knew the following spells:

 Your Spells              Type           Power      Damage    Failure   Level
a - Sting                 Tmut/Pois      56%        1d5       4%          1
b - Poisonous Vapours     Pois/Air       28%        N/A       6%          2
c - Mephitic Cloud        Conj/Pois/Air  14%        N/A       12%         3
d - Olgreb's Toxic Radia  Pois           14%        N/A       38%         4
e - Summon Small Mammal   Summ           56%        N/A       4%          1
f - Call Imp              Summ           14%        N/A       6%          2
Your spell library was empty.

Dungeon Overview and Level Annotations

Branches:
Dungeon (4/15)
 Temple: D:4-7

Altars:


Innate Abilities, Weirdness & Mutations

You are immune to sickness and miasma.
You are immune to poison.
Your flesh is very heat resistant. (rF++)
You are vulnerable to cold. (rC-)
You float through the air rather than walking.
You learn spells naturally, not from books.
Your magical power is your life essence.
You have superior vitality. (+4 HP)


Message History

Aim: an ogre, wielding a +0 giant club (poisoned) Poisonous vapours surround the ogre!
The ogre looks even sicker.
The ogre barely misses you.
Casting: Poisonous Vapours (safe; 6% risk of failure)
Confirm with . or Enter, or press ? or * to list all spells.
Aiming: Sting (safe; 4% risk of failure)
Press: ? - help, Shift-Dir - straight line, f/p - ogre
Aim: an ogre, wielding a +0 giant club (lightly wounded, very poisoned, 86% to hit)
You miscast Sting.
You are very lightly contaminated with residual magic.
Nothing appears to happen.
Casting: Sting (safe; 4% risk of failure)
Confirm with . or Enter, or press ? or * to list all spells.
Aiming: Poisonous Vapours (safe; 6% risk of failure)
Press: ? - help, Dir - move target, f/p - ogre
Aim: an ogre, wielding a +0 giant club (lightly wounded, poisoned) Poisonous vapours surround the ogre!
The ogre looks even sicker.
The ogre hits you with a +0 giant club!!
Ouch! That really hurt!
An iguana comes into view.
Your magical contamination has completely faded away.
The iguana hisses angrily.
A scorpion comes into view.
The scorpion misses you.
Casting: Poisonous Vapours (safe; 6% risk of failure)
Confirm with . or Enter, or press ? or * to list all spells.
Aiming: Poisonous Vapours (safe; 6% risk of failure)
Press: ? - help, Dir - move target, f/p - ogre
Aim: an ogre, wielding a +0 giant club (moderately wounded, poisoned) Poisonous vapours surround the ogre!
The ogre looks even sicker.
* * * LOW HITPOINT WARNING * * *
The iguana bites you!
* * * LOW HITPOINT WARNING * * *
The scorpion closely misses you. The scorpion barely misses you.
As you read the scroll labelled RUUMEIMAZE, it crumbles to dust.
It is a scroll of identify.
i - 2 scrolls of amnesia The scorpion stings you.
You die...

#.# #.#
######.# #.#
#.# .......#
#.# #.#
########
#.####.####
#.#........
#.#.##.#
#.#.##.#
#...##s###
###.##@l.#
#.####O#####.
########
#.............
<.......
######.######.
h####### #.#
.# #.# .###
#.# ...# #.#
.#.# #.#


You could see an ogre (very poisoned), a scorpion and an iguana.

Vanquished Creatures
  An iguana (D:4)
  4 adders
  10 endoplasms
  2 giant cockroaches
  6 goblins
  2 hobgoblins
  4 jackals (D:1)
  2 ball pythons
  7 bats
  6 frilled lizards
  4 kobolds
  9 rats
57 creatures vanquished.

Vanquished Creatures (collateral kills)
  A howler monkey skeleton (D:3)
1 creature vanquished.

Grand Total: 58 creatures vanquished

Notes
Turn   | Place    | Note
-------+----------+-------------------------------------------
     0 | D:1      | Gwenloh the Djinni Venom Mage began the quest for the Orb.
     0 | D:1      | Reached XP level 1. HP: 15/15 MP: 0/0
   277 | D:1      | Reached XP level 2. HP: 13/22 MP: 0/0
   420 | D:1      | Reached skill level 1 in Fighting
  1013 | D:1      | Reached XP level 3. HP: 24/27 MP: 0/0
  1013 | D:1      | Learned a level 1 spell: Summon Small Mammal
  2156 | D:2      | Reached XP level 4. HP: 33/33 MP: 0/0
  3615 | D:3      | Reached XP level 5. HP: 38/39 MP: 0/0
  3615 | D:3      | Learned a level 2 spell: Call Imp
  4078 | D:4      | Noticed a black bear
  4285 | D:4      | Noticed an ogre
  4392 | D:4      | Noticed an ogre
  4409 | D:4      | Slain by a scorpion

Illustrated notes

Levels and vault maps discovered:
D:1:      evilmike_arrival_rings, layout_loops_ring, corexii_hall_statues_l
D:2:      layout_basic, hex_intersection
D:3:      layout_loops_ring, st_stairs_8
D:4:      layout_loops_ring, kennysheep_okawaru_gauntlet, uniq_natasha

Skill      XL: |  1  2  3  4 |
---------------+-------------+-----
Fighting       | 1 2 |  2.8
Spellcasting   | 3 |  3.3
Dodging        | 3 |  3.1
Stealth        | |  1.5

Action                   |  1- 3 |  4- 6 || total
-------------------------+-------+-------++-------
Melee: Dagger            |    15 |    15 ||    30
       Long sword        |       |     1 ||     1
 Cast: Sting             |    37 |    40 ||    77
       Poisonous Vapours |    20 |    22 ||    42
       Summon Small Mamm |       |     3 ||     3
  Use: Scroll            |       |     1 ||     1
 Stab: Distracted        |       |     1 ||     1
Armor: Robe              |    13 |     4 ||    17
Dodge: Dodged            |    24 |    15 ||    39

Table legend: (Time is in decaauts)
 A = Elapsed time spent in this place.
 B = Non-inter-level travel time spent in this place.
 C = Inter-level travel time spent in this place.
 D = Time resting spent in this place.
 E = Time spent auto-exploring this place.
 F = Levels seen in this place.
 G = Mean time per level.
                   A        B        C        D        E       F      G
               +--------+--------+--------+--------+--------+-----+--------+
         Total |   4409 |   4235 |    174 |     79 |   3701 |   4 | 1102.2 |
       Dungeon |   4409 |   4235 |    174 |     79 |   3701 |   4 | 1102.2 |
               +--------+--------+--------+--------+--------+-----+--------+

Top non-repeatable levels by time:
     D:1: 1791 daAuts
     D:2: 1295 daAuts
     D:3: 1097 daAuts
     D:4: 225 daAuts
